 Dungeon Crawl Stone Soup version 0.23.1 (webtiles) character file.

Game seed: 7624578996568584151

186 vladvlad the Ducker (level 5, 0/41 HPs)
             Began as a Vampire Gladiator on Mar 6, 2019.
             Slain by a scorpion (3 damage)
             ... on level 4 of the Dungeon.
             The game lasted 00:20:34 (3302 turns).

vladvlad the Ducker (Vampire Gladiator)             Turns: 3302, Time: 00:20:35

Health: 0/41       AC:  5    Str: 13    XL:     5   Next: 38%
Magic:  5/5        EV: 13    Int: 11    God:
Gold:   160        SH:  0    Dex: 16    Spells: 4/4 levels left

rFire    . . .     SeeInvis +   a - +0 long sword
rCold    . . .     Gourm    .   (no shield)
rNeg     + . .     Faith    .   b - +0 leather armour
rPois    .         Spirit   .   c - +0 helmet
rElec    .         Reflect  .   (no cloak)
rCorr    .         Harm     .   (no gloves)
MR       .....                  q - +0 pair of boots
Stlth    +.........             (no amulet)
HPRegen  0.13/turn              (no ring)
MPRegen  0.09/turn              (no ring)

@: lethally poisoned (0 -> -8), heavily drained
A: fangs 3, see invisible, unbreathing
a: Bat Form


You were on level 4 of the Dungeon.
You were not thirsty.

You visited 1 branch of the dungeon, and saw 4 of its levels.

You collected 160 gold pieces.

Inventory:

Hand Weapons
 a - a +0 long sword (weapon)
Missiles
 d - 3 throwing nets (quivered)
Armour
 b - a +0 leather armour (worn)
 c - a +0 helmet (worn)
 q - a +0 pair of boots (worn)
Jewellery
 r - an uncursed amulet of harm
Wands
 s - a wand of iceblast (8)
Scrolls
 f - 3 scrolls of identify
 k - a scroll of teleportation {unknown}
 l - 2 scrolls of remove curse
 m - 2 scrolls of magic mapping {unknown}
 o - a scroll of enchant weapon {unknown}
 t - a scroll of immolation {unknown}
Potions
 e - 14 potions of blood
 g - a potion of degeneration
 h - a potion of agility {unknown}
 i - a potion of curing {unknown}
 j - a potion of haste {unknown}
 n - a potion of cancellation {unknown}
 p - a potion of lignification {unknown}


   Skills:
 * Level 3.3(1.6) Fighting
 - Level 3.0(1.3) Long Blades
 + Level 2.3(0.7) Throwing
 + Level 1.4(0.0) Armour
 * Level 4.7(2.9) Dodging


You had 4 spell levels left.
You didn't know any spells.
Your spell library was empty.

Dungeon Overview and Level Annotations

Branches:
Dungeon (4/15)
 Temple: D:4-7

Altars:
Ru
Xom
The Shining One


Innate Abilities, Weirdness & Mutations

You have razor-sharp teeth.
You have supernaturally acute eyesight. (SInv)
You can survive without breathing.


Message History

The scorpion is severely wounded.
You feel sick. The scorpion stings you.
* * * LOW HITPOINT WARNING * * *
You hit the scorpion.
The scorpion is almost dead.
You feel sick. The scorpion stings you.
* * * LOW HITPOINT WARNING * * *
You are lethally poisoned!
The scorpion poisons you!
You completely miss the scorpion.
The scorpion is almost dead.
* * * LOW HITPOINT WARNING * * *
You feel sick.
The scorpion stings you but does no damage.
The scorpion barely misses you.
You closely miss the scorpion.
The scorpion is almost dead.
* * * LOW HITPOINT WARNING * * *
You feel sick. The scorpion stings you.
You die...

#........#
#........# #######
#.#......# ......#
#..<.....####.....%#
########.##.........
#%##.........
#.##.........
#.##.........
#@s..........
###..........
#......>...
#..........
...........
##..........
#..........
#..........


You could see a scorpion.

Vanquished Creatures
  A scorpion (D:3)
  6 adders
  An ooze (D:1)
  An adder skeleton (D:3)
  A worm (D:3)
  3 dart slugs
  2 leopard geckos
  6 bats
  3 giant cockroaches
  7 goblins
  8 hobgoblins
  6 jackals
  3 quokkas
  2 ball pythons
  10 frilled lizards
  5 kobolds
  A rat (D:1)
66 creatures vanquished.

Notes
Turn   | Place    | Note
-------+----------+-------------------------------------------
     0 | D:1      | vladvlad the Vampire Gladiator began the quest for the Orb.
     0 | D:1      | Reached XP level 1. HP: 16/16 MP: 1/1
   223 | D:1      | Reached XP level 2. HP: 9/22 MP: 2/2
  1341 | D:2      | Reached XP level 3. HP: 19/27 MP: 3/3
  1424 | D:2      | Reached skill level 4 in Dodging
  1721 | D:2      | Reached skill level 1 in Armour
  1721 | D:2      | Reached XP level 4. HP: 25/34 MP: 4/4
  1922 | D:2      | Found a glowing golden altar of the Shining One.
  2078 | D:2      | Found a shimmering altar of Xom.
  3037 | D:3      | Found a sacrificial altar of Ru.
  3098 | D:3      | Reached XP level 5. HP: 29/41 MP: 5/5
  3302 | D:4      | Slain by a scorpion

Skill      XL: |  1  2  3  4 |
---------------+-------------+-----
Fighting       | 2 3 |  3.3
Throwing       | 2 |  2.3
Dodging        | 4 |  4.7
Armour         | 1 |  1.4
Long Blades    | |  3.0

Action                   |  1- 3 |  4- 6 || total
-------------------------+-------+-------++-------
Melee: Long sword        |    78 |    92 ||   170
       Bite              |    11 |    10 ||    21
  Use: Potion            |     1 |     5 ||     6
       Scroll            |       |     2 ||     2
 Stab: Sleeping          |       |     1 ||     1
  Eat: Corpse            |     1 |       ||     1
Armor: Leather armour    |    24 |    17 ||    41
Dodge: Dodged            |    69 |    71 ||   140
       Rpst.: Long sword |    21 |    27 ||    48
